 Dungeon Crawl Stone Soup version 0.31-a0-691-g409c26aa35 (webtiles) character file.

Game seed: 9394375199001134441

353 qw the Shooter (level 6, -5/39 HPs)
             Began as a Gargoyle Hunter on Sept 6, 2023.
             Slain by a wyvern (14 damage)
             ... on level 5 of the Dungeon.
             The game lasted 00:01:24 (3350 turns).

qw the Shooter (Gargoyle Hunter)                    Turns: 3350, Time: 00:01:25

Health: -5/39      AC: 22    Str: 12    XL:     6   Next: 62%
Magic:  6/6        EV: 11    Int: 13    God:
Gold:   184        SH:  0    Dex: 22    Spells: 5/5 levels left

rFire   . . .        Y - +0 shortbow
rCold   . . .        (shield currently unavailable)
rNeg    + + +        j - +5 ring mail of Tartarus {Int+3}
rPois   inf          f - +0 helmet
rElec   +            c - +2 cloak of Coathus {rN+++ Str-2 Dex+7 Slay-4}
rCorr   .            (no gloves)
SInv    .            (no boots)
Will    +....        d - amulet of the acrobat
Stlth   +            e - +4 ring of protection
HPRegen 0.26/turn    l - ring of willpower
MPRegen 0.10/turn

%: acrobat
@: about to teleport
A: sickness immunity, AC +4, negative energy resistance 1, electricity
resistance, torment resistance 1, petrification resistance
a: no special abilities


You were on level 5 of the Dungeon.
You visited 1 branch of the dungeon, and saw 5 of its levels.

You collected 184 gold pieces.


Innate Abilities, Weirdness & Mutations

You are immune to sickness and miasma.
Your stone body is resilient. (AC +4)
You are immune to poison.
You resist negative energy. (rN+)
You are resistant to electric shocks. (rElec)
You are resistant to unholy torment.
You are immune to petrification.


   Skills:
 - Level 4.6 Fighting
 + Level 6.6 Ranged Weapons
 - Level 1.0 Armour
 - Level 1.5 Dodging
 - Level 1.1 Stealth


You had 5 spell levels left.
You didn't know any spells.
Your spell library was empty.

Inventory:

Hand Weapons
 Y - a +0 shortbow (weapon)
Armour
 c - the +2 cloak of Coathus (worn) {rN+++ Str-2 Dex+7 Slay-4}
   (You found it on level 3 of the Dungeon)

   Str-2:     It affects your strength (-2).
   Dex+7:     It affects your dexterity (+7).
   Slay-4:    It affects your accuracy & damage with ranged weapons and melee
   (-4).
   rN+++:     It renders you almost immune to negative energy.
 f - a +0 helmet (worn)
 j - the +5 ring mail of Tartarus (worn) {Int+3}
   (You took it off a hobgoblin on level 4 of the Dungeon)

   Int+3:     It affects your intelligence (+3).
Jewellery
 d - an amulet of the acrobat (around neck)
 e - a +4 ring of protection (left hand)
 l - a ring of willpower (right hand)
Wands
 g - a wand of digging (6)
Scrolls
 a - 2 scrolls of teleportation
 k - a scroll of identify
Potions
 i - a potion of might {unknown}
 m - 2 potions of invisibility {unknown}

Dungeon Overview and Level Annotations

Branches:
Dungeon (5/15)
 Temple: D:4-7

Altars:
Trog


Message History

The wyvern bites you!
Enter note:
3341 |||
Found retreat position at 1,-4 (floor) with 0 blocking monsters and 1 monsters attacking at destination at distance 4
3341 ||| Stepping ~*~*~tactically~*~*~ (retreating).
The wyvern attacks as it pursues you! The wyvern misses you.
There is an open door here.
Enter note:
3342 |||
Found retreat position at 2,-3 (floor) with 0 blocking monsters and 1 monsters attacking at destination at distance 3
3342 ||| Stepping ~*~*~tactically~*~*~ (retreating).
Enter note:
3343 |||
Found retreat position at 1,-2 (floor) with 0 blocking monsters and 1 monsters attacking at destination at distance 2
3343 ||| Stepping ~*~*~tactically~*~*~ (retreating).
The wyvern attacks as it pursues you!
The wyvern bites you but does no damage.
The wyvern closely misses you.
Enter note:
3344 |||
Found retreat position at 0,-1 (floor) with 0 blocking monsters and 1 monsters attacking at destination at distance 1
3344 ||| Stepping ~*~*~tactically~*~*~ (retreating).
You shoot an arrow.
The arrow hits the wyvern but does no damage.
The wyvern is lightly wounded.
The wyvern barely misses you. The wyvern bites you!
You shoot an arrow. The arrow closely misses the wyvern.
The wyvern bites you.
The wyvern bites you but does no damage.
You shoot an arrow. The arrow hits the wyvern.
The wyvern is moderately wounded.
The wyvern bites you but does no damage. x2
You shoot an arrow. The arrow barely misses the wyvern.
The arrow misses the phantom.
The wyvern bites you but does no damage.
The wyvern bites you!
3349 ||| READING 3 scrolls of teleportation.
As you read the scroll of teleportation, it crumbles to dust.
You feel strangely unstable. The wyvern barely misses you.
You shoot an arrow. The arrow hits the wyvern.
The wyvern is moderately wounded.
The wyvern bites you!
You die...

..#..####+###.######.###.#
#.####.#........######.# #.#
#......#........'......# #.#
#####...........##########.#
#####.#...#+###.# #.....#
#.....#...#.# #.# #.##<..
#.###.#...#.# #.# # ####
#.#####...#.# #.#
#.........#@# #..
########..#l# #.. #...W# .#
##'#####..# #.........#
+.........# #.........#
#...#.##..# ......_. ...


You could see a wyvern and a phantom.

Vanquished Creatures
  A scorpion (D:4)
  An orc priest (D:4)
  2 sleepcaps
  An iguana (D:4)
  An orc wizard (D:4)
  3 gnolls (D:2)
  3 adders
  A dart slug (D:3)
  2 worms
  13 orcs
  4 ball pythons
  5 bats
  9 endoplasms
  2 giant cockroaches
  7 goblins
  7 hobgoblins
  4 jackals (D:2)
  4 quokkas
  2 frilled lizards
  7 kobolds
  7 rats
86 creatures vanquished.

Notes
Turn   | Place    | Note
-------+----------+-------------------------------------------
     0 | D:1      | qw the Gargoyle Hunter began the quest for the Orb.
     0 | D:1      | Reached XP level 1. HP: 12/12 MP: 1/1
     0 | D:1      | 0 ||| qw: Version: 0.3-a-76-g4403597
     0 | D:1      | 0 ||| qw: Game counter: 13
     0 | D:1      | 0 ||| qw: Melee chars always use a shield: true
     0 | D:1      | 0 ||| qw: God list: Okawaru
     0 | D:1      | 0 ||| qw: Allow faded altars: false
     0 | D:1      | 0 ||| qw: Do Orc after clearing Dungeon:15 true
     0 | D:1      | 0 ||| qw: Do second Lair branch before Depths: true
     0 | D:1      | 0 ||| qw: Lair rune preference: random
     0 | D:1      | 0 ||| qw: Goals: Normal
     0 | D:1      | 0 ||| PLANNING D:1-11
    84 | D:1      | Reached XP level 2. HP: 17/17 MP: 2/2
   477 | D:1      | Found a faded altar of an unknown god.
   922 | D:1      | 922 ||| READING 3 scrolls labelled RADAAPS NEUPH.
   926 | D:1      | 926 ||| READING scroll labelled VUXZOU GYHE.
   927 | D:1      | 927 ||| READING scroll labelled QYWNOM NENNEXA.
   928 | D:1      | 928 ||| DROPPING scroll of butterflies.
  1032 | D:2      | Reached XP level 3. HP: 21/21 MP: 3/3
  1133 | D:2      | Reached skill level 5 in Ranged Weapons
  1166 | D:2      | 1166 ||| FLEEEEING.
  1168 | D:2      | Reached skill level 3 in Fighting
  1204 | D:2      | Reached XP level 4. HP: 28/28 MP: 4/4
  1616 | D:2      | 1616 ||| UPGRADING to +0 ring mail.
  1626 | D:2      | 1626 ||| DROPPING +0 leather armour.
  1627 | D:2      | 1627 ||| UPGRADING to +0 cloak.
  1632 | D:2      | 1632 ||| UPGRADING to +0 helmet.
  1637 | D:2      | 1637 ||| DRINKING 2 inky potions.
  1638 | D:2      | 1638 ||| DRINKING 2 yellow potions.
  1639 | D:2      | 1639 ||| DROPPING potion of brilliance.
  1640 | D:2      | 1640 ||| DROPPING potion of degeneration.
  1769 | D:3      | Identified the +2 cloak of Coathus {rN+++ Str-2 Dex+7
                  | Slay-4}
  1822 | D:3      | Reached skill level 1 in Armour
  2195 | D:3      | 2195 ||| UPGRADING to +2 cloak of Coathus {rN+++ Str-2
                  | Dex+7 Slay-4}.
  2205 | D:3      | 2205 ||| DROPPING +0 cloak.
  2206 | D:3      | 2206 ||| UPGRADING to +4 ring of protection.
  2207 | D:3      | 2207 ||| READING scroll labelled QOTAESINUNN.
  2280 | D:4      | Reached XP level 5. HP: 18/32 MP: 5/5
  2338 | D:4      | 2338 ||| Stepping ~*~*~tactically~*~*~ (outnumbered).
  2340 | D:4      | 2340 ||| Stepping ~*~*~tactically~*~*~ (outnumbered).
  2357 | D:4      | Reached skill level 6 in Ranged Weapons
  2597 | D:4      | Identified the +5 ring mail of Tartarus {Int+3}
  2743 | D:4      | Reached XP level 6. HP: 36/39 MP: 6/6
  3082 | D:4      | 3082 ||| UPGRADING to +5 ring mail of Tartarus {Int+3}.
  3092 | D:4      | 3092 ||| DROPPING +0 ring mail.
  3093 | D:4      | 3093 ||| UPGRADING to amulet of the acrobat.
  3098 | D:4      | 3098 ||| UPGRADING to ring of willpower.
  3099 | D:4      | 3099 ||| READING 3 scrolls labelled TEMEOTA ZURGHE.
  3100 | D:4      | 3100 ||| READING 2 scrolls of identify.
  3100 | D:4      | 3100 ||| IDENTIFYING lumpy white potion
  3101 | D:4      | 3101 ||| DROPPING potion of ambrosia.
  3123 | D:5      | Entered Level 5 of the Dungeon
  3330 | D:5      | Found a bloodstained altar of Trog.
  3333 | D:5      | Noticed a wyvern
  3340 | D:5      | 3340 ||| Stepping ~*~*~tactically~*~*~ (retreating).
  3341 | D:5      | 3341 ||| Stepping ~*~*~tactically~*~*~ (retreating).
  3342 | D:5      | 3342 ||| Stepping ~*~*~tactically~*~*~ (retreating).
  3343 | D:5      | 3343 ||| Stepping ~*~*~tactically~*~*~ (retreating).
  3344 | D:5      | 3344 ||| Stepping ~*~*~tactically~*~*~ (retreating).
  3348 | D:5      | HP: 9/39 [wyvern (9)]
  3349 | D:5      | 3349 ||| READING 3 scrolls of teleportation.
  3350 | D:5      | Slain by a wyvern

Levels and vault maps discovered:
D:1:      dpeg_arrival_line_fractal, layout_basic, basic_ecumenical_altar,
          minmay_misc_feat_alley
D:2:      layout_loops_ring, minmay_misc_feat_enclosed, corexii_corridor_pit,
          hangedman_feature_mirror
D:3:      layout_basic
D:4:      layout_basic, minmay_vboxes
D:5:      kennysheep_six_static_rooms, layout_basic, nicolae_ashenzari_skybound,
          lemuel_crystal_altar, mainiacjoe_overflow_concentric_impassable,
          lemuel_round_altar, nicolae_half_adder

Skill      XL: |  1  2  3  4  5 |
---------------+----------------+-----
Ranged Weapons | 5 6 |  6.6
Fighting       | 3 4 |  4.6
Armour         | 1 |  1.0
Dodging        | |  1.5
Stealth        | |  1.1

Action                     |  1- 3 |  4- 6 || total
---------------------------+-------+-------++-------
   Fire: Shortbow          |    81 |   267 ||   348
    Use: Scroll            |     3 |     4 ||     7
         Potion            |       |     2 ||     2
 Armour: Leather armour    |    26 |     9 ||    35
         Ring mail         |       |   112 ||   112
  Dodge: Dodged            |    23 |    69 ||    92

Table legend:
 A = Non-vault XP
 B = Vault XP
 C = Vault XP percentage of total XP
 D = Non-vault monster count
 E = Vault monster count
 F = Vault count percentage of total count
                 A         B        C        D         E       F
            +---------+---------+-------+---------+---------+-------
      Total |     405 |     100 |  19.8 |      79 |       7 |   8.1
            +---------+---------+-------+---------+---------+-------
        D:1 |      30 |       0 |   0.0 |      17 |       0 |   0.0
        D:2 |      74 |       4 |   5.1 |      15 |       2 |  11.8
        D:3 |      31 |       0 |   0.0 |      18 |       0 |   0.0
        D:4 |     215 |      96 |  30.9 |      23 |       5 |  17.9
        D:5 |      55 |       0 |   0.0 |       6 |       0 |   0.0
            +---------+---------+-------+---------+---------+-------
